 Seeded DCSS version 0.26.1 (webtiles) character file.

Game seed: 3752923326896911143 (custom seed)

5201 oldmanjim the Cleaver (level 10, -5/94 HPs)
             Began as a Hill Orc Monk on Feb 6, 2021.
             Was an Elder of Beogh.
             Slain by an orc knight
             ... wielding a +4 war axe
              (21 damage)
             ... in a bailey on Feb 7, 2021.
             The game lasted 00:53:59 (10132 turns).

oldmanjim the Cleaver (Hill Orc Monk)              Turns: 10132, Time: 00:54:00

Health: -5/94      AC: 13    Str: 18    XL:     10   Next: 60%
Magic:  11/17      EV: 16    Int: 10    God:    Beogh [****..]
Gold:   665        SH:  0    Dex: 13    Spells: 9/9 levels left

rFire    . . .     SeeInvis .   a - +8 mithril axe "Arga" {speed, Will+}
rCold    . . .     Faith    .   (no shield)
rNeg     . . .     Spirit   .   C - +3 ring mail
rPois    .         Reflect  .   (no helmet)
rElec    .         Harm     .   n - +0 cloak
rCorr    .         Rampage  .   m - +1 pair of gloves
Will     +....                  O - +0 pair of boots
Stlth    +.........             (no amulet)
HPRegen  0.25/turn              Z - ring of flight
MPRegen  0.15/turn              J - +4 ring of evasion

@: marked
A: no striking features
a: Renounce Religion, Evoke Flight, Smiting, Recall Orcish Followers


You were in a bailey.
You worshipped Beogh.
Beogh was greatly pleased with you.
You visited 1 branch of the dungeon, and saw 10 of its levels.
You also visited: Bailey.

You collected 665 gold pieces.

Inventory:

Hand Weapons
 a - the +8 mithril axe "Arga" (weapon) {speed, Will+}
   (You took it off an orc on level 4 of the Dungeon)

   Attacks with this weapon are significantly faster.
   It affects your willpower, your defense against some magical effects.
Missiles
 f - 35 bolts
 y - 28 poisoned darts (quivered)
 G - 2 throwing nets
 N - 18 sling bullets
 Q - 16 boomerangs
 S - 8 atropa-tipped darts
 X - 6 javelins
Armour
 m - a +1 pair of gloves (worn)
 n - a +0 cloak (worn)
 C - a +3 ring mail (worn)
 K - a +0 hat
 O - a +0 pair of boots (worn)
 T - a cursed +0 scale mail
Magical Staves
 P - an uncursed staff of earth {unknown}
Jewellery
 p - a +6 ring of intelligence
 J - a +4 ring of evasion (right hand)
 U - a +4 ring of protection {unknown}
 Z - a ring of flight (left hand)
Wands
 s - a wand of acid (5)
 E - a wand of paralysis (15)
 M - a wand of flame (14)
 V - a wand of enslavement (5)
 Y - a wand of disintegration (8)
Scrolls
 b - 2 scrolls of identify
 c - 2 scrolls of fog {unknown}
 e - a scroll of vulnerability {unknown}
 i - a scroll of fear {unknown}
 j - a scroll of magic mapping {unknown}
 k - 9 scrolls of remove curse {unknown}
 l - 8 scrolls of teleportation
 o - 4 scrolls of amnesia {unknown}
 q - a scroll of blinking {unknown}
 r - 2 scrolls of enchant armour
 t - 2 scrolls of random uselessness {unknown}
 u - 3 scrolls of immolation {unknown}
 F - a scroll of enchant weapon {unknown}
Potions
 d - 2 potions of cancellation
 h - a potion of flight
 w - 2 potions of might
 x - 2 potions of brilliance
 z - 3 potions of ambrosia
 A - a potion of magic
 B - a potion of lignification
 D - 3 potions of mutation
 I - 2 potions of heal wounds
 L - a potion of invisibility
 R - a potion of curing


   Skills:
 + Level 10.9 Fighting
 + Level 11.8 Axes
 - Level 5.0 Armour
 - Level 2.5 Dodging
 - Level 1.6 Stealth
 + Level 10.2 Invocations


You had 9 spell levels left.
You didn't know any spells.
Your spell library contained the following spells:

 Spells                   Type           Power        Failure   Level
 Beastly Appendage        Tmut           0%           54%         1
 Corona                   Hex            0%           54%         1
 Magic Dart               Conj           0%           54%         1
 Sting                    Tmut/Pois      0%           54%         1
 Blink                    Tloc           N/A          67%         2
 Call Imp                 Summ           0%           67%         2
 Poisonous Vapours        Pois/Air       0%           67%         2
 Slow                     Hex            0%           67%         2
 Wereblood                Tmut           0%           67%         2
 Conjure Flame            Conj/Fire      0%           88%         3
 Ignite Poison            Fire/Tmut/Pois 0%           88%         3
 Inner Flame              Hex/Fire       0%           88%         3
 Mephitic Cloud           Conj/Pois/Air  0%           88%         3
 Portal Projectile        Hex/Tloc       0%           88%         3
 Spider Form              Tmut/Pois      0%           88%         3
 Cause Fear               Hex            0%           99%         4
 Ice Form                 Ice/Tmut       0%           99%         4
 Leda's Liquefaction      Hex/Erth       0%           99%         4
 Olgreb's Toxic Radiance  Pois           0%           99%         4
 Blade Hands              Tmut           0%           100%        5


Dungeon Overview and Level Annotations

Branches:
Dungeon (10/15)            Temple (0/1) D:4            Lair (0/6) D:8
 Bailey (1/1)
    Orc: D:9-12

Altars:
Cheibriados
Gozag
Okawaru
Ru
Sif Muna

Shops:
D:7 }   D:9 (

Annotations:
D:3 exclusions: door and 1 more exclusion
D:5 2 transporters, Sonofthefire's ghost, amateur OpDe


Message History

Aiming: Smiting
Press: ? - help, Dir - move target, f - orc knight Smite: an orc knight, wielding a +4 war axe and wearing a +0 plate armour (strong)
You smite the orc knight!
The orc knight is heavily wounded.
The orc knight hits you with a +4 war axe!!
* * * LOW HITPOINT WARNING * * *
Drop what? 48/52 slots (_ for help) (? for menu, Esc to quit)
Okay, then.
Aiming: Smiting
Press: ? - help, Dir - move target, f/p - orc knight Smite: an orc knight, wielding a +4 war axe and wearing a +0 plate armour (heavily wounded, strong)
You smite the orc knight!
The orc knight is severely wounded.
The orc knight roars a battlecry!
The orc warrior goes into a battle-frenzy!
You slash the orc knight!
The orc knight is almost dead.
The orc knight hits you with a +4 war axe!!
You die...

#..# #############.###########
####........÷).../.†.......##
##...........#########.......#
##.........#'## ####'#..#
#...).⌠....#..# #.#...
#.......###..# ###...
######.)...'.#.o####'### #..≈
≈≈≈≈#...(.)###.o@ooKo..^ ###..≈
≈≈≈≈≈≈≈≈.(...#..####'### #..≈≈≈
##≈≈≈≈≈≈≈≈≈$o####.......#
##≈≈≈≈≈
###....≈≈≈≈≈≈≈K#.go.)..#K≈≈≈≈≈##
##......≈≈≈≈≈#########≈≈≈≈###
##........≈≈≈≈≈≈≈≈≈≈≈≈≈##
###.........≈≈≈≈≈≈≈.##
####.............#
####......∩..#


You could see an orc knight (strong), 2 orc warriors, a kobold and 2 friendly
orc warriors.

Vanquished Creatures
  Harold (D:7)
  Erica (D:9)
  An orc knight (Bailey)
  2 trolls (D:9)
  Eustachio (D:6)
  A yak (D:9)
  2 wargs (D:8)
  A water moccasin (D:8)
  An orc warrior (Bailey)
  A hornet zombie (D:9)
  4 sky beasts
  2 ogres
  3 phantoms
  A centaur (D:6)
  2 big kobolds
  2 bullfrogs
  2 scorpions
  3 howler monkeys (D:7)
  A centaur zombie (D:7)
  A hound (D:9)
  A jelly (D:6)
  2 orc priests
  2 centaur skeletons (D:8)
  A bullfrog skeleton (D:9)
  5 iguanas
  7 worker ants
  3 orc wizards
  A hound skeleton (D:4)
  A worker ant zombie (D:10)
  7 gnolls (D:5)
  A howler monkey skeleton (D:4)
  9 adders
  2 shadow imps
  2 white imps (D:5)
  3 ufetubi
  2 oozes
  An adder skeleton (D:6)
  5 worms
  3 dart slugs
  4 leopard geckos
  13 orcs
  2 ball pythons (D:1)
  4 giant cockroaches
  15 goblins
  8 hobgoblins
  10 jackals
  5 quokkas
  4 bats
  5 frilled lizards
  16 kobolds
  A leopard gecko skeleton (D:4)
  A leopard gecko zombie (D:5)
  A quokka skeleton (D:6)
  8 rats
188 creatures vanquished.

Vanquished Creatures (collateral kills)
  An ice beast (D:9)
  An ogre (D:9)
  An electric eel (D:8)
  2 iguanas
  A worker ant zombie (D:6)
  A gnoll (D:5)
  A white imp (D:8)
  An ufetubus (D:9)
  3 orcs
  A hobgoblin (Bailey)
  3 goblins
  3 kobolds (Bailey)
19 creatures vanquished.

Vanquished Creatures (others)
  2 orc warriors
  3 orcs
  A goblin (D:3)
  A rat (D:3)
  9 plants
16 creatures vanquished.

Grand Total: 223 creatures vanquished

Notes
Turn   | Place    | Note
-------+----------+-------------------------------------------
     0 | D:1      | oldmanjim the Hill Orc Monk began the quest for the Orb.
     0 | D:1      | Reached XP level 1. HP: 19/19 MP: 1/1
   257 | D:1      | Reached XP level 2. HP: 26/27 MP: 2/2
   874 | D:1      | Reached XP level 3. HP: 30/33 MP: 3/3
  1058 | D:2      | Reached skill level 5 in Axes
  1706 | D:2      | Reached XP level 4. HP: 33/41 MP: 4/4
  1788 | D:2      | Found an opulent altar of Gozag.
  2559 | D:3      | Reached skill level 5 in Fighting
  2660 | D:3      | Became a worshipper of Beogh the Brigand
  2660 | D:3      | Reached * piety under Beogh
  2660 | D:3      | Reached ** piety under Beogh
  3021 | D:3      | Found a shimmering blue altar of Sif Muna.
  3521 | D:4      | Reached skill level 6 in Axes
  3521 | D:4      | Reached XP level 5. HP: 22/48 MP: 5/5
  3738 | D:4      | Noticed a phantom
  4364 | D:4      | Found a staircase to the Ecumenical Temple.
  4402 | D:4      | Killed a phantom
  4403 | D:4      | Reached skill level 1 in Invocations
  4403 | D:4      | Reached XP level 6. HP: 54/57 MP: 5/7
  5128 | D:5      | Entered Level 5 of the Dungeon
  5144 | D:5      | Reached skill level 7 in Axes
  5296 | D:5      | Reached XP level 7. HP: 64/64 MP: 9/9
  5303 | D:5      | Reached *** piety under Beogh
  5312 | D:5      | Found an iron altar of Okawaru.
  5681 | D:5      | Noticed Sonofthefire's ghost (amateur OpDe)
  5682 | D:5      | Found a transporter.
  5687 | D:5      | Found a transporter.
  5960 | D:5      | Reached skill level 8 in Axes
  6373 | D:6      | Reached skill level 5 in Invocations
  6373 | D:6      | Reached XP level 8. HP: 58/73 MP: 11/11
  6580 | D:6      | Found a snail-covered altar of Cheibriados.
  6589 | D:6      | Reached skill level 1 in Armour
  7015 | D:6      | Noticed Eustachio
  7058 | D:6      | Killed Eustachio
  7350 | D:7      | Reached skill level 9 in Axes
  7402 | D:7      | Found Cefisiro's Gadget Emporium.
  7409 | D:7      | Noticed Harold
  7423 | D:7      | Killed Harold
  7424 | D:7      | Reached XP level 9. HP: 80/82 MP: 12/14
  8064 | D:7      | Reached **** piety under Beogh
  8302 | D:8      | Reached skill level 10 in Axes
  8347 | D:8      | Found a staircase to the Lair.
  8411 | D:8      | Reached skill level 5 in Armour
  8903 | D:9      | Found Tikhlaer's Weapon Boutique.
  8903 | D:9      | Noticed a troll
  8910 | D:9      | Killed a troll
  8954 | D:9      | Noticed a troll
  8962 | D:9      | Killed a troll
  9122 | D:9      | Noticed Erica
  9138 | D:9      | Killed Erica
  9139 | D:9      | Reached skill level 10 in Fighting
  9139 | D:9      | Reached skill level 11 in Axes
  9139 | D:9      | Reached XP level 10. HP: 72/93 MP: 16/16
  9300 | D:9      | Found a sacrificial altar of Ru.
  9754 | D:10     | Entered Level 10 of the Dungeon
  9808 | D:10     | Found a flagged portal.
  9827 | Bailey   | Entered a bailey
 10114 | Bailey   | Noticed an orc knight
 10116 | Bailey   | Noticed an orc knight
 10129 | Bailey   | Killed an orc knight
 10130 | Bailey   | Reached skill level 10 in Invocations
 10132 | Bailey   | Slain by an orc knight

Illustrated notes

Levels and vault maps discovered:
D:1:      minmay_arrival_stair_chambers, layout_basic
D:2:      layout_rooms, grunt_gozag_breadcrumbs
D:3:      cheibrodos_pilgrimage, layout_loops_corners, led_sif_book
D:4:      layout_loops_ring, minmay_temple_entry_from_below_b
D:5:      layout_gridville, serial_bayou, serial_bayou_pond_c,
          serial_bayou_pond_c, serial_bayou_pond_a, serial_bayou_shore_b,
          serial_bayou_ford_a, serial_bayou_pond_d, gammafunk_ghost_smash,
          okawaru_metal_pillars_3
D:6:      layout_loops_ring, basic_altar, grunt_ministairs_5, uniq_eustachio
D:7:      layout_basic, serial_shops, shop_fountains, uniq_harold
D:8:      layout_basic, erik_lair_orcish_takeover
D:9:      layout_rooms, marbit_many_paths, serial_shops, shop,
          minmay_joined_circles, uniq_erica
D:10:     layout_stronghold, minmay_orc_entry_guard_dogs, basic_altar,
          enter_bailey_5, uniq_maurice
Bailey:   bailey_axe_4, bailey

Skill      XL: |  1  2  3  4  5  6  7  8  9 10 |
---------------+-------------------------------+-----
Fighting       | 4 5 6 7 8 10 | 10.9
Axes           | 5 6 7 8 9 11 | 11.8
Invocations    | 1 3 5 7 9 10 | 10.2
Armour         | 3 5 |  5.0
Dodging        | |  2.5
Stealth        | |  1.6

Action                   |  1- 3 |  4- 6 |  7- 9 | 10-12 || total
-------------------------+-------+-------+-------+-------++-------
Melee: Hand axe          |   133 |   171 |       |       ||   304
       Broad axe         |       |    52 |   213 |   107 ||   372
Throw: Stone             |     1 |       |     1 |       ||     2
       Dart              |       |     8 |    32 |     8 ||    48
Invok: Convert to Beogh  |       |     1 |       |       ||     1
       Smiting           |       |       |       |     2 ||     2
 Abil: Evoke Flight      |       |       |       |     1 ||     1
  Use: Scroll            |       |     6 |     6 |     2 ||    14
 Stab: Sleeping          |     3 |     2 |       |       ||     5
       Distracted        |       |       |     1 |       ||     1
Armor: Robe              |    21 |    18 |       |       ||    39
       Ring mail         |       |    16 |    42 |    48 ||   106
       Scale mail        |       |    22 |    11 |       ||    33
Dodge: Dodged            |    85 |   141 |    96 |   115 ||   437
